 Dungeon Crawl Stone Soup version 0.16.1-51-g6203257 (webtiles) character file.

242 uhvn the Sneak (level 6, -6/30 HPs)
             Began as a Vine Stalker Enchanter on July 12, 2015.
             Mangled by Menkaure (9 damage)
             ... on level 4 of the Dungeon.
             The game lasted 00:14:13 (2509 turns).

uhvn the Sneak (Vine Stalker Enchanter)             Turns: 2509, Time: 00:14:13

Health: -6/30      AC:  5    Str: 11    XL:     6   Next: 9%
Magic:  0/15       EV: 13    Int: 15    God:
Gold:   153        SH:  0    Dex: 19    Spells: 3 memorised, 7 levels left

rFire  . . .     SeeInvis .     a - +1 dagger
rCold  . . .     Clarity  .     b - +1 robe
rNeg   . . .     SustAb   .     (no shield)
rPois  .         Gourm    .     o - +0 helmet
rElec  .         Spirit   +     r - +0 cloak
rCorr  .         Warding  .     (no gloves)
rMut   .         Stasis   .     (no boots)
MR     .....                    (no amulet)
Stlth  +++.......               u - +3 ring of dexterity
                                t - ring of flight

@: not resistant to hostile enchantments, fairly stealthy
A: fangs 2, regeneration 2, magic shield, antimagic bite, no device heal 3, rot
immunity
a: Evoke Flight


You were on level 4 of the Dungeon.
You were hungry.

You visited 1 branch of the dungeon, and saw 4 of its levels.

You collected 153 gold pieces.

Inventory:

Hand weapons
 a - a +1 dagger (weapon)
 g - a +0 dagger of pain
Armour
 b - a +1 robe (worn)
 o - a +0 helmet (worn)
 r - a +0 cloak (worn)
Rods
 q - a +1 lightning rod (11/11)
   (You found it on level 3 of the Dungeon)
Jewellery
 t - a ring of flight (left hand)
 u - a +3 ring of dexterity (right hand)
 x - an uncursed ring of see invisible {unknown}
Scrolls
 e - 2 scrolls of recharging {unknown}
 j - 4 scrolls of identify {unknown}
 k - a scroll of random uselessness {unknown}
 l - a scroll of amnesia {unknown}
 p - a scroll of enchant armour {unknown}
 v - a scroll of remove curse {unknown}
Potions
 f - 2 potions of invisibility {unknown}
 h - a potion of mutation {unknown}
 i - a potion of brilliance {unknown}
 m - 3 potions of might {unknown}
 n - 2 potions of curing {unknown}
 s - a potion of restore abilities {unknown}
 w - a potion of heal wounds {unknown}
Books
 c - a book of Maledictions

   Spells                             Type                      Level
   a - Corona                         Hexes                        1
   b - Sure Blade                     Hexes/Charms                 2
   c - Ensorcelled Hibernation        Hexes/Ice                    2
   d - Confuse                        Hexes                        3
   e - Dazzling Spray                 Conjuration/Hexes            3
   f - Enslavement                    Hexes                        4
Comestibles
 d - a bread ration


   Skills:
 * Level 1.9 Fighting
 * Level 2.3 Short Blades
 + Level 2.2 Dodging
 - Level 4.0 Stealth
 * Level 3.5 Spellcasting
 - Level 3.0 Hexes
 + Level 1.3 Charms
 + Level 1.6 Ice Magic


You had 7 spell levels left.
You knew the following spells:

 Your Spells              Type           Power        Failure   Level  Hunger
a - Corona                Hex            ##.....      8%          1    None
b - Ensorcelled Hibernat  Hex/Ice        #.....       12%         2    ##.....
c - Sure Blade            Hex/Chrm       #.........   12%         2    ##.....


Dungeon Overview and Level Annotations

Branches:
Dungeon (4/15)
 Temple: D:4-7

Altars:

Annotations:
D:3 uhvn's ghost, average VSEn
D:4 Menkaure


Innate Abilities, Weirdness & Mutations

You have extremely sharp teeth.
You heal very quickly.
When hurt, damage is shared between your health and your magic reserves.
Your bite disrupts and absorbs the magic of your enemies.
Potions and wands cannot restore your health.
You are immune to rotting.


Message History

The bond with your blade fades away.
An orc wizard comes into view. It is wielding a dagger.
You hit Menkaure but do no damage. Your bite misses Menkaure.
Menkaure is moderately damaged.
The orc wizard shouts!
The quokka skeleton bites you but does no damage.
Menkaure misses you.
An orc wizard comes into view. It is wielding an enchanted dagger.
Menkaure barely misses you. The quokka skeleton bites you.
* * * LOW HITPOINT WARNING * * *
You hit the quokka skeleton. You bite the quokka skeleton. You drain its power.
You feel invigorated.
You destroy the quokka skeleton!
Menkaure barely misses you.
The orc wizard mumbles some strange words.
The orc wizard seems to speed up.
You hit Menkaure but do no damage.
Menkaure is moderately damaged.
Menkaure completely misses you. Menkaure hits you!
You die...

########.#######.########
#.# ##.# #.# #%.# #.#
#!.# #.# #..# #.# #..#
#.# #..# #.# #.M#########
### #.@.....o..#
#.......##o# #..######
#..# #..# #... #..# #..#
...


You could see Menkaure and 2 orc wizards.

Vanquished Creatures
  A slave (D:4)
  Sigmund (D:4)
  2 hounds (D:4)
  2 adders (D:3)
  A worm (D:2)
  An adder skeleton (D:4)
  3 giant geckos
  2 orcs (D:3)
  A ball python (D:1)
  9 bats
  A bat zombie (D:4)
  5 giant cockroaches
  6 goblins
  9 hobgoblins
  A quokka (D:3)
  6 giant newts
  9 kobolds
  A quokka skeleton (D:4)
  19 rats
80 creatures vanquished.

Notes
Turn   | Place    | Note
--------------------------------------------------------------
     0 | D:1      | uhvn, the Vine Stalker Enchanter, began the quest for the Orb.
     0 | D:1      | Reached XP level 1. HP: 9/9 MP: 3/3
    57 | D:1      | Reached skill level 1 in Short Blades
   135 | D:1      | Reached XP level 2. HP: 10/13 MP: 4/6
   151 | D:1      | Learned a level 2 spell: Ensorcelled Hibernation
   154 | D:1      | Learned a level 2 spell: Sure Blade
   637 | D:2      | Reached XP level 3. HP: 15/17 MP: 4/7
   947 | D:2      | Reached skill level 1 in Fighting
  1453 | D:3      | Noticed uhvn's ghost (average VSEn)
  1801 | D:3      | Reached XP level 4. HP: 14/22 MP: 6/9
  1847 | D:3      | Reached skill level 1 in Ice Magic
  2206 | D:4      | Reached skill level 4 in Stealth
  2206 | D:4      | Reached XP level 5. HP: 25/25 MP: 9/13
  2271 | D:4      | Reached skill level 1 in Charms
  2315 | D:4      | Noticed Menkaure
  2351 | D:4      | Noticed Sigmund
  2363 | D:4      | Killed Sigmund
  2363 | D:4      | Gained mutation: You heal very quickly. [vine stalker growth]
  2363 | D:4      | Reached XP level 6. HP: 21/30 MP: 11/15
  2382 | D:4      | Noticed a slave
  2406 | D:4      | Killed a slave
  2503 | D:4      | HP: 1/30 [Menkaure (11)]
  2509 | D:4      | Mangled by Menkaure

Action                   |  1- 3 |  4- 6 || total
-------------------------+-------+-------++-------
Melee: Dagger            |   141 |   106 ||   247
 Cast: Corona            |     1 |     5 ||     6
       Sure Blade        |    17 |    12 ||    29
       Ensorcelled Hiber |       |     5 ||     5
 Stab: Sleeping          |    11 |     5 ||    16
  Eat: Chunk             |     4 |     3 ||     7
